AoeStats
← Maty

African Clearing

510457410Analyzed
4v4 RM · 15h ago on Oct 1, 2026· 48m 24s· 8 players
Game mode
Random Map
Map size
Large (8 player)
Population
200
Speed
Normal
Resources
Standard
Victory
Conquest
Starting age
Dark Age
Ending age
Imperial Age
RankedLock teamsTeams togetherTeam positionsShared explorationLock speedFull tech treeHidden civsTurbo modeCheats
Victory
Defeat
🇵🇪 Bengalis · Peru
1565
+13
🇺🇸 Saxons · United States
1519
+14
1517
+15
🇨🇱 Berbers · Chile
1401
+19
🇪🇨 Saxons · Ecuador
1530
-17
🇹🇼 Aztecs · Taiwan
1526
-17
🇺🇸 Maya · United States
1446
-14
🇺🇸 Ethiopians · United States
1433
-13
[LAK] CholoPayet
5:50 Loom
13:56 Feudal Age
17:21 Castle Age
15:07 Double-Bit Axe
15:45 Horse Collar
20:16 Bow Saw
27:12 Wheelbarrow
26:23 Town Watch
28:05 Forging
32:36 Imperial Age
30:10 Gold Mining
30:54 Scale Barding Armor
31:00 Bloodlines
31:02 Stone Mining
32:03 Iron Casting
31:29 Husbandry
32:02 Fletching
35:24 Hand Cart
35:37 Chain Barding Armor
36:50 Blast Furnace
36:40 Gold Shaft Mining
36:13 Bodkin Arrow
38:02 Plate Barding Armor
37:33 Padded Archer Armor
39:10 Conscription
38:53 Bracer
39:20 Ballistics
40:17 Leather Archer Armor
41:17 Plate Barding Armor
40:58 Paiks
40:24 Elite Battle Elephant
42:19 Ring Archer Armor
43:11 Chemistry
44:15 Scale Mail Armor
44:43 Mahayana
45:01 Siege Elephant
46:30 Chain Mail Armor
Dwarf king
4:48 Loom
14:14 Feudal Age
14:59 Double-Bit Axe
20:16 Fishing Lines
23:30 Castle Age
21:53 Gold Mining
21:56 Stone Mining
22:41 Fletching
24:46 Gillnets
25:07 Bow Saw
25:01 Bodkin Arrow
25:56 Guard Tower
27:18 Ballistics
27:09 Treadmill Crane
34:02 Masonry
37:06 Imperial Age
37:14 Gold Shaft Mining
36:49 Horse Collar
37:50 Wheelbarrow
37:01 Town Watch
38:42 Keep
38:23 Bracer
40:03 Chemistry
39:34 Conscription
40:14 Arrowslits
40:38 Scale Mail Armor
40:48 Forging
42:13 Murder Holes
42:50 Architecture
45:01 Hand Cart
[LAK] GGenaroAoE
3:25 Loom
13:30 Feudal Age
19:07 Castle Age
19:07 Stone Mining
19:11 Gold Mining
25:42 Scale Mail Armor
27:04 Chain Mail Armor
26:15 Pikeman
32:13 Forging
33:43 Double-Bit Axe
35:31 Bow Saw
39:33 Imperial Age
37:29 Fletching
38:11 Bodkin Arrow
39:34 Ballistics
40:10 Padded Archer Armor
40:27 Bracer
41:48 Chemistry
42:06 Leather Archer Armor
42:22 Conscription
43:50 Wheelbarrow
44:08 Ring Archer Armor
44:13 Maghrebi Camels
43:37 Elite Camel Archer
[CL] Guatona, Guatona qla fea
4:17 Loom
14:05 Feudal Age
15:04 Double-Bit Axe
17:50 Castle Age
17:38 Horse Collar
17:49 Gold Mining
18:38 Wheelbarrow
18:56 Fletching
19:36 Bow Saw
19:38 Heavy Plow
20:07 Bodkin Arrow
33:43 Imperial Age
33:09 Scale Mail Armor
33:19 Forging
33:09 Champi Runner
33:50 Squires
34:06 Chain Mail Armor
33:50 Champi Warrior
35:53 Iron Casting
36:59 Hand Cart
38:25 Conscription
38:03 Elite Champi Warrior
39:52 Plate Mail Armor
40:16 Gold Shaft Mining
40:18 Herbalism
43:42 Town Watch
46:13 Two-Man Saw
45:43 Crop Rotation
45:05 Stone Mining
45:52 Crop Rotation
Vedette87
14:23 Feudal Age
12:40 Loom
14:25 Feudal Age
15:55 Double-Bit Axe
18:39 Castle Age
16:26 Horse Collar
17:19 Town Watch
19:29 Heavy Plow
19:40 Bow Saw
22:49 Wheelbarrow
24:51 Hand Cart
26:45 Gold Mining
26:45 Stone Mining
29:20 Gold Shaft Mining
29:22 Stone Shaft Mining
30:57 Fletching
31:08 Padded Archer Armor
31:48 Scale Mail Armor
31:59 Forging
32:52 Ballistics
32:38 Squires
32:52 Royal Heirs
35:51 Imperial Age
34:09 Chain Mail Armor
34:50 Iron Casting
34:23 Arson
37:06 Plate Mail Armor
37:37 Blast Furnace
36:24 Elite Shotel Warrior
38:49 Chemistry
37:35 Crossbowman
39:01 Thumb Ring
39:40 Conscription
42:08 Arbalester
44:02 Two-Man Saw
43:18 Bodkin Arrow
43:39 Leather Archer Armor
44:57 Bracer
45:29 Ring Archer Armor
45:06 Siege Engineers
45:17 Torsion Engines
46:02 Guard Tower
Maty
6:11 Loom
12:59 Feudal Age
13:32 Double-Bit Axe
22:40 Castle Age
21:05 Fishing Lines
21:56 Scale Barding Armor
22:02 Bloodlines
21:54 Horse Collar
24:54 Chain Barding Armor
27:39 Wheelbarrow
30:31 Stone Mining
30:06 Light Cavalry
31:05 Forging
31:25 Bow Saw
33:01 Husbandry
35:44 Imperial Age
33:04 Town Watch
35:24 Fletching
36:06 Gold Mining
36:50 Bodkin Arrow
37:01 Crossbowman
38:18 Bracer
38:54 Ballistics
39:01 Padded Archer Armor
39:59 Masonry
40:18 Thumb Ring
40:27 Arbalester
42:55 Chemistry
42:17 Leather Archer Armor
43:17 Pikeman
43:43 Gambesons
44:29 Scale Mail Armor
44:41 Squires
elmor
4:03 Loom
13:50 Feudal Age
15:25 Town Watch
18:47 Castle Age
18:34 Double-Bit Axe
19:31 Fletching
20:40 Bow Saw
30:23 Sanctity
41:09 Horse Collar
44:57 Wheelbarrow
47:20 Imperial Age
45:48 Eagle Warrior
46:30 Scale Mail Armor
46:57 Squires
Gavagai
10:43 Loom
12:28 Feudal Age
16:32 Castle Age
14:44 Double-Bit Axe
15:51 Fletching
17:28 Bow Saw
18:35 Bodkin Arrow
22:00 Ballistics
22:45 Horse Collar
24:25 Padded Archer Armor
28:56 Leather Archer Armor
31:19 Wheelbarrow
31:15 Gold Mining
34:56 Imperial Age
33:18 Scale Mail Armor
33:28 Forging
34:15 Chain Mail Armor
34:25 Heavy Plow
35:39 Iron Casting
35:25 Squires
34:48 Eagle Warrior
36:06 Conscription
36:19 Plate Mail Armor
35:30 Capped Ram
38:25 Holcans
38:58 Hand Cart
38:41 Siege Ram
39:23 Elite Eagle Warrior
45:24 Two-Man Saw
45:58 Blast Furnace
47:12 Crop Rotation
47:34 Elite Plumed Archer
48:16 Bracer
48:47 Ring Archer Armor
Connection lost

Rejoining the realm…

Still unreachable

The connection could not be restored.

Session expired

The server has moved on; the page needs a fresh start.